 Dungeon Crawl Stone Soup version 0.25-a0-565-g8875c97ebb (webtiles) character file.

Game seed: 5514856938559320259, levelgen mode: deterministic

41 Gargoyl the Skirmisher (level 3, -1/31 HPs)
             Began as a Centaur Abyssal Knight on Feb 26, 2020.
             Was a Follower of Lugonu.
             Slain by Sigmund
             ... wielding a +0 scythe of freezing
              (4 damage)
             ... on level 2 of the Dungeon.
             The game lasted 00:02:00 (1179 turns).

Gargoyl the Skirmisher (Centaur Abyssal Knight)     Turns: 1179, Time: 00:02:01

Health: -1/31      AC:  5    Str: 14    XL:     3   Next: 32%
Magic:  4/4        EV:  9    Int: 11    God:    Lugonu [*.....]
Gold:   17         SH:  0    Dex:  9    Spells: 2/2 levels left

rFire    . . .     SeeInvis .   d - +10 executioner's axe of the Real Monster {vorpal, rN+}
rCold    . . .     Gourm    .   (shield currently unavailable)
rNeg     + . .     Faith    .   b - +1 leather armour
rPois    .         Spirit   .   (no helmet)
rElec    .         Reflect  .   (no cloak)
rCorr    .         Harm     .   (no gloves)
MR       .....                  (no barding)
Stlth    ..........             (no amulet)
HPRegen  0.10/turn              (no ring)
MPRegen  0.09/turn              (no ring)

@: brilliant, stab, very quick
A: large, hooves 3, deformed body, speed 2, tough skin 3
a: Depart the Abyss, Renounce Religion


You were on level 2 of the Dungeon.
You worshipped Lugonu.
Lugonu was aware of your devotion.
You were not hungry.

You visited 1 branch of the dungeon, and saw 2 of its levels.
You visited the Abyss 1 time.

You collected 17 gold pieces.

Inventory:

Hand Weapons
 a - a +1 hand axe
 d - the +10 executioner's axe of the Real Monster (weapon) {vorpal, rN+}
   (You acquired it on level 3 of the Abyss)

   It inflicts extra damage upon your enemies.
   It protects you from negative energy.
Armour
 b - a +1 leather armour (worn)
Comestibles
 c - 2 rations


   Skills:
 + Level 3.4 Fighting
 + Level 2.1 Axes
 * Level 1.7 Armour
 * Level 1.1 Dodging
 * Level 2.4 Invocations


You had 2 spell levels left.
You didn't know any spells.
Your spell library was empty.

Dungeon Overview and Level Annotations

Branches:
Dungeon (2/15)

Altars:

Annotations:
D:2 Sigmund


Innate Abilities, Weirdness & Mutations

You have hooves in place of feet.
Armour fits poorly on your strangely shaped body.
You cover ground very quickly.
You have extremely tough skin. (AC +3)


Message History

Sigmund casts a spell at you. The puff of flame hits you!
You're too confused to move!
Sigmund points at you and mumbles some strange words.
The puff of flame hits you!
Sigmund giggles. "Time to reap what you sow."
Sigmund hits you with a +0 scythe of freezing!
* * * LOW HITPOINT WARNING * * *
Sigmund freezes you.
* * * LOW HITPOINT WARNING * * *
You barely miss Sigmund. Your kick misses Sigmund.
Sigmund hits you with a +0 scythe of freezing.
* * * LOW HITPOINT WARNING * * *
Sigmund freezes you.
* * * LOW HITPOINT WARNING * * *
You slash Sigmund! Your kick misses Sigmund.
Sigmund is heavily wounded.
You feel less confused.
Sigmund hits you with a +0 scythe of freezing.
You die...

##...## ##.## #.#..# #.# #
#.#..# #.# .#.#..# ##'##
.#....# ##...## .....#
##.....## ###.#..#
#.......## ##.#.#..#
#.........####..@....#####
+.........'......@........
#.........####...##.######
##.......## ##.## .#
##.....## ### .# ##...##
.# ##+# ##


You could see Sigmund.

Vanquished Creatures
  2 oozes (D:1)
  4 leopard geckos (D:1)
  3 giant cockroaches (D:1)
  3 goblins (D:1)
  3 hobgoblins (D:1)
  4 jackals (D:1)
  2 bats (D:1)
  A frilled lizard (D:1)
  3 rats (D:1)
25 creatures vanquished.

Notes
Turn   | Place    | Note
-------+----------+-------------------------------------------
     0 | Abyss:1  | Gargoyl the Centaur Abyssal Knight began the quest for the
                  | Orb.
     0 | Abyss:1  | Reached XP level 1. HP: 19/19 MP: 2/2
   119 | Abyss:3  | Noticed a large abomination
   135 | Abyss:3  | Identified a scroll of acquirement
   135 | Abyss:3  | Identified the +10 executioner's axe of the Real Monster
                  | {vorpal, rN+} (You acquired it on level 3 of the Abyss)
   137 | D:1      | Escaped the Abyss
   278 | D:1      | Reached XP level 2. HP: 12/26 MP: 3/3
   483 | D:1      | Reached * piety under Lugonu
   498 | D:1      | Reached skill level 1 in Dodging
   532 | D:1      | Reached XP level 3. HP: 24/31 MP: 4/4
  1158 | D:2      | Noticed Sigmund
  1179 | D:2      | Slain by Sigmund

Levels and vault maps discovered:
D:1:      ncdulo_lavacross, layout_basic
D:2:      minmay_general_purpose_star, layout_loops_corners, tgw_kikubaaqudgha,
          uniq_sigmund

Skill      XL: |  1  2 |
---------------+-------+-----
Axes           | 2 |  2.1
Dodging        | 1 |  1.1
Fighting       | |  3.4
Armour         | |  1.7
Invocations    | |  2.4

Action                   || total
-------------------------++-------
Melee: Executioner's axe ||    41
       Hand axe          ||     2
       Kick              ||     2
Invok: Depart the Abyss  ||     1
  Use: Scroll            ||     5
       Potion            ||     3
Armor: Leather armour    ||    15
Dodge: Dodged            ||    31

Table legend:
 A = Non-vault XP
 B = Vault XP
 C = Vault XP percentage of total XP
 D = Non-vault monster count
 E = Vault monster count
 F = Vault count percentage of total count
                 A         B        C        D         E       F
            +---------+---------+-------+---------+---------+-------
      Total |      59 |       0 |   0.0 |      25 |       0 |   0.0
            +---------+---------+-------+---------+---------+-------
        D:1 |      59 |       0 |   0.0 |      25 |       0 |   0.0
            +---------+---------+-------+---------+---------+-------
